 Dungeon Crawl Stone Soup version 0.20.1-1-g8b1a95d (webtiles) character file.

3000 Irenicus the Carver (level 9, -7/65 HPs)
             Began as a Barachi Chaos Knight on Oct 8, 2017.
             Mangled by a hornet (13 damage)
             ... on level 9 of the Dungeon.
             The game lasted 00:19:38 (4430 turns).

Irenicus the Carver (Barachi Chaos Knight)          Turns: 4430, Time: 00:19:39

Health: -7/65      AC:  6    Str: 16    XL:     9   Next: 84%
Magic:  9/9        EV: 18    Int: 13    God:    Xom [.*....]
Gold:   670        SH:  6    Dex: 19    Spells: 8/8 levels left

rFire    + . .     SeeInvis .   a - +0 falchion (chaos)
rCold    . . .     Gourm    .   o - +0 buckler
rNeg     . . .     Faith    .   b - +2 leather armour
rPois    .         Spirit   .   (helmet restricted)
rElec    .         Reflect  .   (no cloak)
rCorr    .         Harm     .   (no gloves)
MR       +....                  k - +0 pair of boots
Stlth    +++.......             (no amulet)
Regen    0.6/turn               l - ring of stealth
MPRegen  0.2/turn               D - ring of protection from fire

@: agile, hasted and slowed, slow
A: +LOS, swims, horns 1, magic resistance 1, regeneration 1, screaming 1,
slowness 1, strong 1, no potion heal 1, strong legs 1
a: Hop, Renounce Religion


You were on level 9 of the Dungeon.
You worshipped Xom.
You were a plaything of Xom.
You were hungry.

You visited 1 branch of the dungeon, and saw 8 of its levels.
You also visited: Ossuary.

You collected 670 gold pieces.

Inventory:

Hand Weapons
 a - a +0 falchion of chaos (weapon)
Armour
 b - a +2 leather armour (worn)
 k - a +0 pair of boots (worn)
 o - a +0 buckler (worn)
Jewellery
 l - a ring of stealth (left hand)
 D - a ring of protection from fire (right hand)
Wands
 j - a wand of iceblast (1/15)
 s - a wand of scattershot (0/9)
 C - a wand of flame (21/48)
Scrolls
 e - 2 scrolls of enchant weapon {unknown}
 f - 3 scrolls of amnesia {unknown}
 i - 8 scrolls of teleportation {unknown}
 p - 7 scrolls of identify {unknown}
 r - a scroll of magic mapping {unknown}
 y - a scroll of remove curse {unknown}
 z - a scroll of blinking {unknown}
 A - a scroll of recharging {unknown}
 F - 3 scrolls of fog {unknown}
 G - 2 scrolls of fear {unknown}
Potions
 g - 2 potions of cancellation
 h - a potion of might
 n - 2 potions of heal wounds
 q - a potion of magic {unknown}
 u - a potion of brilliance {unknown}
 v - a potion of curing
 w - a potion of haste
 x - 2 potions of lignification {unknown}
 B - a potion of mutation {unknown}
 E - a potion of flight {unknown}
Comestibles
 c - 4 bread rations
 d - 2 royal jellies
 m - 4 meat rations


   Skills:
 - Level 4.0 Fighting
 - Level 14.0 Long Blades
 - Level 3.1 Armour
 + Level 2.9 Dodging
 - Level 5.1 Shields


You had 8 spell levels left.
You didn't know any spells.

Dungeon Overview and Level Annotations

Branches:
Dungeon (7/15)             Temple (0/1) D:7

Altars:
Dithmenos
Qazlal
Uskayaw
Xom
Zin


Innate Abilities, Weirdness & Mutations

Shadows flee at your approach. (+LOS)
You can swim through water.
You cover ground slowly.
You can hop short distances.
You have a pair of small horns on your head.
You are resistant to hostile enchantments. (MR+)
Your natural rate of healing is unusually fast.
You occasionally shout uncontrollably at your foes.
Your muscles are strong. (Str +2)
Potions are less effective at restoring your health.


Message History

You feel sick. The hornet stings you!
* * * LOW HITPOINT WARNING * * *
You feel as though you will be slow longer.
Your system partially rejects the healing.
You feel better. The hornet stings you!
* * * LOW HITPOINT WARNING * * *
You feel as though you will be slow longer.
The hornet closely misses you.
You feel agile all of a sudden. The hornet stings you!
* * * LOW HITPOINT WARNING * * *
You feel as though you will be slow longer.
You block the hornet's attack.
The hornet stings you but does no damage.
It was a potion of haste.
You feel yourself speed up. The hornet closely misses you.
You riposte.
You miss the hornet.
The hornet is lightly wounded.
The hornet stings you!
You die...
Xom titters!

.............≈;≈≈....
..............P≈≈....
..............≈......
.....................
...........######....
...........#
...........#
########y### #@.#
#.## #+#


You could see a hornet and an electric eel.

Vanquished Creatures
  Sigmund (D:3)
  The ghost of matthes123 the Chopper, an amateur MiFi (D:4)
  Duvessa (D:4)
  A sky beast (D:5)
  A black bear (D:7)
  An ice beast (D:5)
  A centaur (D:5)
  2 ogres
  2 elf zombies (D:5)
  A bullfrog (D:6)
  2 elf skeletons (D:5)
  Dowan (D:4)
  2 bullfrog zombies
  A human zombie (D:5)
  4 orc priests
  3 bullfrog skeletons
  A jelly (D:3)
  2 centaur skeletons
  4 hounds
  3 orc wizards
  4 human skeletons (D:5)
  4 worker ants
  A hound zombie (D:6)
  A hound skeleton (D:6)
  8 mummies (Ossuary)
  Robin (D:4)
  6 gnolls
  5 adders
  2 shadow imps
  2 adder skeletons
  A dart slug (D:3)
  7 leopard geckos
  13 orcs
  A ball python (D:5)
  5 bats
  4 giant cockroaches
  2 gnoll zombies (Ossuary)
  14 goblins
  6 hobgoblins
  11 jackals
  11 frilled lizards
  2 hobgoblin zombies (Ossuary)
  A jackal skeleton (D:5)
  6 kobolds
  2 kobold zombies (Ossuary)
  A leopard gecko skeleton (D:6)
  A leopard gecko zombie (D:6)
  3 orc zombies
  A quokka zombie (D:6)
  3 rats (D:2)
  A fire vortex (D:7)
165 creatures vanquished.

Vanquished Creatures (collateral kills)
  The ghost of matthes123 the Cleaver, a novice MiFi of Okawaru (D:5)
  A phantom (D:3)
  A sky beast (D:5)
  An orc priest (D:5)
  An orc wizard (D:7)
  A worker ant (D:5)
  A gnoll (D:7)
  A jackal (D:2)
8 creatures vanquished.

Vanquished Creatures (others)
  A crocodile (D:7)
  A bullfrog (D:7)
  An elf skeleton (D:5)
3 creatures vanquished.

Grand Total: 176 creatures vanquished

Notes
Turn   | Place    | Note
-------+----------+-------------------------------------------
     0 | D:1      | Irenicus the Barachi Chaos Knight began the quest for the Orb.
     0 | D:1      | Reached XP level 1. HP: 18/18 MP: 1/1
    75 | D:1      | XOM: divination: detect items
   241 | D:1      | XOM: harmless Pois miscast
   255 | D:1      | Reached XP level 2. HP: 25/25 MP: 2/2
   258 | D:1      | Reached skill level 4 in Long Blades
   680 | D:2      | Reached XP level 3. HP: 29/30 MP: 3/3
   782 | D:2      | XOM: divination: detect creatures
   793 | D:2      | XOM: give mutations
   793 | D:2      | Gained mutation: You have a pair of small horns on your head. [Xom's grace]
   793 | D:2      | Gained mutation: Your muscles are strong. (Str +2) [Xom's grace]
   793 | D:2      | Gained mutation: Your natural rate of healing is unusually fast. [Xom's grace]
  1062 | D:2      | XOM: 1-stop teleportation journey
  1155 | D:2      | XOM: summons friendly crimson imp
  1204 | D:3      | Reached skill level 5 in Long Blades
  1204 | D:3      | Reached XP level 4. HP: 33/37 MP: 4/4
  1212 | D:3      | XOM: god gift: robe {god gift}
  1317 | D:3      | Found a shadowy altar of Dithmenos.
  1346 | D:3      | Noticed Sigmund
  1465 | D:3      | XOM: smoke on damage
  1466 | D:3      | Reached skill level 6 in Long Blades
  1466 | D:3      | Reached XP level 5. HP: 28/42 MP: 5/5
  1479 | D:3      | Found a hide-covered altar of Uskayaw.
  1489 | D:3      | XOM: cast spell 'Alistair's Intoxication'
  1657 | D:4      | Reached skill level 7 in Long Blades
  1658 | D:4      | Noticed matthes123's ghost (amateur MiFi)
  1671 | D:4      | XOM: confuse monster(s)
  1709 | D:4      | Noticed a phantom
  1711 | D:4      | Noticed Robin
  1719 | D:3      | XOM: divination: magic mapping
  1723 | D:3      | XOM: summons friendly sun demon
  1725 | D:3      | Killed a phantom
  1725 | D:3      | Reached XP level 6. HP: 34/48 MP: 6/6
  1727 | D:4      | XOM: god gift: wand of scattershot (?/9) {god gift}
  1836 | D:3      | Killed Sigmund
  1836 | D:3      | Reached skill level 8 in Long Blades
  1945 | D:4      | Reached XP level 7. HP: 27/54 MP: 7/7
  2021 | D:4      | Killed Robin
  2021 | D:4      | Reached skill level 9 in Long Blades
  2025 | D:4      | XOM: scenery: create altars
  2137 | D:4      | XOM: summons 7 friendly demons
  2153 | D:5      | Entered Level 5 of the Dungeon
  2188 | D:5      | Reached skill level 1 in Shields
  2214 | D:5      | Reached skill level 10 in Long Blades
  2253 | D:5      | Reached XP level 8. HP: 48/60 MP: 8/8
  2291 | D:5      | Found a sand-covered staircase.
  2334 | D:5      | Reached skill level 5 in Shields
  2340 | Ossuary  | Entered an ossuary
  2382 | Ossuary  | XOM: butterfly on damage
  2615 | D:5      | XOM: divination: magic mapping
  2680 | D:5      | Reached skill level 11 in Long Blades
  2684 | D:5      | Gained mutation: Potions are less effective at restoring your health. [mutagenic meat]
  2685 | D:5      | Gained mutation: You are resistant to hostile enchantments. (MR+) [mutagenic meat]
  2686 | D:5      | Gained mutation: You occasionally shout uncontrollably at your foes. [mutagenic meat]
  2741 | D:5      | Noticed matthes123's ghost (novice MiFi)
  2760 | D:4      | XOM: divination: detect items
  2764 | D:4      | XOM: butterfly on damage
  2769 | D:4      | Killed matthes123's ghost
  2844 | D:4      | Reached XP level 9. HP: 65/65 MP: 9/9
  2918 | D:4      | Noticed Duvessa
  2919 | D:4      | Noticed Dowan
  2951 | D:4      | Killed Duvessa
  2951 | D:4      | Reached skill level 12 in Long Blades
  2958 | D:4      | Killed Dowan
  3102 | D:5      | XOM: 2-stop teleportation journey
  3136 | D:5      | XOM: smoke on damage
  3148 | D:5      | Killed matthes123's ghost
  3156 | D:5      | Reached skill level 13 in Long Blades
  3927 | D:7      | XOM: fog
  3929 | D:7      | XOM: destruction
  3970 | D:7      | Reached skill level 14 in Long Blades
  4103 | D:7      | XOM: harmless Air miscast
  4183 | D:7      | Found a glowing silver altar of Zin.
  4210 | D:7      | XOM: noise
  4266 | D:7      | Found a staircase to the Ecumenical Temple.
  4338 | D:7      | XOM: mild Fire miscast
  4394 | D:7      | Found a stormy altar of Qazlal.
  4403 | D:7      | You fall through a shaft for 2 floors!
  4403 | D:9      | Noticed a hornet
  4422 | D:9      | Paralysed by a hornet for 1 turns
  4430 | D:9      | Mangled by a hornet

Skill      XL: |  1  2  3  4  5  6  7  8  9 |
---------------+----------------------------+-----
Long Blades    | 4 5 6 7 8 10 11 14 | 14.0
Fighting       | 4 |  4.0
Armour         | 3 |  3.1
Shields        | 3 5 |  5.1
Dodging        | 2 |  2.9

Action                   |  1- 3 |  4- 6 |  7- 9 || total
-------------------------+-------+-------+-------++-------
Melee: Falchion          |    74 |    90 |   483 ||   647
       Headbutt          |     7 |    23 |   120 ||   150
 Abil: Hop               |       |       |     2 ||     2
Evoke: Wand              |       |       |     3 ||     3
  Use: Potion            |       |       |     8 ||     8
 Stab: Sleeping          |     3 |     1 |     7 ||    11
       Confused          |       |     2 |     4 ||     6
       Petrifying        |       |     1 |     1 ||     2
       Petrified         |       |       |     2 ||     2
       Paralysed         |       |       |     3 ||     3
  Eat: Chunk             |     1 |     3 |     9 ||    13
       Bread ration      |       |       |     1 ||     1
Armor: Leather armour    |    38 |    25 |    70 ||   133
Dodge: Dodged            |    46 |    45 |   116 ||   207
Block: Buckler           |     1 |    14 |    50 ||    65
       Rpst.: Falchion   |     9 |    20 |    41 ||    70
